 Dungeon Crawl Stone Soup version 0.28-a0-518-g36894cfc38 (webtiles) character file.

Game seed: 4854779053592445905

52 Froggeryz the Firebug (level 3, -3/26 HPs)
             Began as a Demigod Fire Elementalist on Sept 23, 2021.
             Killed by divine providence
             ... invoked by an orc priest
              (17 damage)
             ... on level 3 of the Dungeon.
             The game lasted 00:02:56 (2613 turns).

Froggeryz the Firebug (Demigod Fire Elementalist)   Turns: 2613, Time: 00:02:57

Health: -3/26      AC:  3    Str:  9    XL:     3   Next: 39%
Magic:  6/8        EV: 12    Int: 21    God:
Gold:   149        SH:  0    Dex: 14    Spells: 2/5 levels left

rFire   . . .      SeeInvis .   g - +0 quarterstaff
rCold   . . .      Faith    .   (shield currently unavailable)
rNeg    . . .      Spirit   .   a - +0 robe
rPois   .          Reflect  .   (no helmet)
rElec   .          Harm     .   (no cloak)
rCorr   .          Rampage  .   (no gloves)
Will    .....                   c - +0 pair of boots
Stlth   ++........              (no amulet)
HPRegen 0.08/turn               (no ring)
MPRegen 0.11/turn               (no ring)

@: no status effects
A: high mp 1, forlorn
a: no special abilities


You were on level 3 of the Dungeon.
You visited 1 branch of the dungeon, and saw 3 of its levels.

You collected 149 gold pieces.

Inventory:

Hand Weapons
 g - a +0 quarterstaff (weapon)
Armour
 a - a +0 robe (worn)
 c - a +0 pair of boots (worn)
Scrolls
 b - a scroll of amnesia {unknown}
 d - 4 scrolls of identify {unknown}
 f - a scroll of teleportation {unknown}
 h - a scroll of holy word {unknown}
 i - a scroll of fear {unknown}
 j - 2 scrolls of enchant weapon {unknown}
Potions
 e - 2 potions of attraction {unknown}


   Skills:
 - Level 1.7 Dodging
 - Level 1.7 Stealth
 - Level 1.7 Spellcasting
 - Level 2.2 Conjurations
 + Level 3.6 Fire Magic


You had 2 spell levels left.
You knew the following spells:

 Your Spells              Type           Power      Damage    Failure   Level
a - Foxfire               Conj/Fire      56%        2x1d6     4%          1
b - Scorch                Fire           34%        2d6       5%          2

Your spell library contained the following spells:

 Spells                   Type           Power      Damage    Failure   Level
 Animate Skeleton         Necr           2%         N/A       16%         1
 Apportation              Tloc           2%         N/A       16%         1
 Summon Small Mammal      Summ           4%         N/A       16%         1
 Conjure Flame            Conj/Fire      14%        6-21      14%         3
 Inner Flame              Hex/Fire       9%         N/A       22%         3
 Flame Wave               Conj/Fire      14%        3d5       41%         4


Dungeon Overview and Level Annotations

Branches:
Dungeon (3/15)


Innate Abilities, Weirdness & Mutations

Your attributes grow dramatically as you level up.
You have an increased reservoir of magic. (+10% MP)
You shall have no god before yourself.


Message History

You see here a +0 ring mail.
Found a stone staircase leading up.
You now have 115 gold pieces (gained 9).
Found a dagger.
You see here a +0 dagger.
Found a stone staircase leading down.
You now have 120 gold pieces (gained 5).
Found a stone staircase leading down.
d - 4 scrolls labelled KONUAQ LUESK (gained 1)
j - 2 scrolls labelled HUOTSU INOKI
Found an escape hatch in the ceiling.
You now have 134 gold pieces (gained 14).
You now have 149 gold pieces (gained 15). 2 orcs and an orc priest come into view.
The orc priest shouts!
The orc shouts! x2; You hear a shout!
An orc wizard comes into view. It is wielding a +0 dagger.
The orc priest mumbles some strange prayers to Beogh against you.
Beogh smites you!
There are monsters nearby!
There are monsters nearby!
There are monsters nearby!
Casting: Foxfire (safe; 4% risk of failure)
Confirm with . or Enter, or press ? or * to list all spells.
You conjure some foxfire!
The orc wizard shouts!
Casting: Foxfire (safe; 4% risk of failure)
Confirm with . or Enter, or press ? or * to list all spells.
You conjure some foxfire!
The foxfire hits the orc but does no damage.
An orc comes into view. It is wielding a +0 whip.
The foxfire hits the orc but does no damage.
The foxfire hits the orc.
The orc is heavily wounded.
The foxfire hits the orc.
The orc is almost dead.
The orc priest casts a cantrip, but nothing happens.
The orc priest calls down the wrath of Beogh upon you.
Beogh smites you!
Ouch! That really hurt!
You die...

#.# #........ #.#
#"o...o.. #.#
#....o... #.#
#........ #.#
#o.o..... #.#
#.§...... #)#
#######§....... #.#
#.....§........
#.###.#####@#######
#.#..........########
#.#.#.#####..........
#.#.#.######.########
#.#.#........#
#.#.#..#######
#.#.#..# #.#.#<.#
#.#.#..#


You could see an orc priest, an orc wizard and 3 orcs.

Vanquished Creatures
  An adder (D:2)
  2 dart slugs (D:1)
  An orc (D:3)
  4 ball pythons
  3 endoplasms
  A giant cockroach (D:1)
  8 goblins
  2 hobgoblins (D:1)
  A quokka (D:3)
  4 bats
  5 frilled lizards
  A kobold (D:3)
  6 rats
39 creatures vanquished.

Vanquished Creatures (others)
  94 foxfires
  3 plants (D:2)
97 creatures vanquished.

Grand Total: 136 creatures vanquished

Notes
Turn   | Place    | Note
-------+----------+-------------------------------------------
     0 | D:1      | Froggeryz the Demigod Fire Elementalist began the quest for
                  | the Orb.
     0 | D:1      | Reached XP level 1. HP: 14/14 MP: 5/5
    23 | D:1      | Reached skill level 1 in Conjurations
   198 | D:1      | Reached skill level 3 in Fire Magic
   263 | D:1      | Reached XP level 2. HP: 20/20 MP: 2/7
  1224 | D:2      | Learned a level 2 spell: Scorch
  1581 | D:2      | Reached XP level 3. HP: 20/26 MP: 4/8
  2613 | D:3      | Killed from afar by an orc priest

Illustrated notes

Levels and vault maps discovered:
D:1:      amcnicky_arrival_wind_blow, layout_loops_ring,
          ebering_ecumenical_altar_abandoned
D:2:      wad_lake_hut, layout_basic, basic_altar, minmay_splitting_lines,
          chequers_serial_rivers_micro_d, serial_bayou_lake_a
D:3:      layout_basic, mainiacjoe_overflow_chevrons

Skill      XL: |  1  2 |
---------------+-------+-----
Conjurations   | 1 2 |  2.2
Fire Magic     | 3 |  3.6
Dodging        | |  1.7
Stealth        | |  1.7
Spellcasting   | |  1.7

Action                   || total
-------------------------++-------
Melee: Unarmed           ||     4
       Quarterstaff      ||     4
 Cast: Foxfire           ||    61
       Scorch            ||     4
Armor: Robe              ||     2
Dodge: Dodged            ||    12

Table legend: (Time is in decaauts)
 A = Elapsed time spent in this place.
 B = Non-inter-level travel time spent in this place.
 C = Inter-level travel time spent in this place.
 D = Time resting spent in this place.
 E = Time spent auto-exploring this place.
 F = Levels seen in this place.
 G = Mean time per level.
                   A        B        C        D        E       F      G
               +--------+--------+--------+--------+--------+-----+--------+
         Total |   2672 |   2557 |    115 |     49 |   2219 |   3 |  890.7 |
       Dungeon |   2672 |   2557 |    115 |     49 |   2219 |   3 |  890.7 |
               +--------+--------+--------+--------+--------+-----+--------+

Top non-repeatable levels by time:
     D:2: 1090 daAuts
     D:1: 1022 daAuts
     D:3: 559 daAuts
